 Dungeon Crawl Stone Soup version 0.19-a0-1821-g42c593c (webtiles) character file.

18362 stebl the Geomancer (level 12, -8/76 HPs)
             Began as a Gargoyle Earth Elementalist on Oct 6, 2016.
             Was an Elder of Vehumet.
             Mangled by a large slime creature (21 damage)
             ... on level 11 of the Dungeon on Oct 7, 2016.
             The game lasted 01:26:31 (16171 turns).

stebl the Geomancer (Gargoyle Earth Elementalist)  Turns: 16171, Time: 01:26:31

Health: -8/76      AC: 16    Str: 13    XL:     12   Next: 57%
Magic:  14/27      EV: 15    Int: 20    God:    Vehumet [****..]
Gold:   642        SH:  0    Dex: 10    Spells: 5 memorised, 16 levels left

rFire  . . .     SeeInvis .     a - +7 whip (freeze)
rCold  + . .     Gourm    .     c - +0 robe
rNeg   + . .     Faith    .     (no shield)
rPois  ∞         Spirit   .     A - +2 helmet
rElec  +         Dismiss  .     L - +0 cloak
rCorr  .         Reflect  .     n - +0 pair of gloves
MR     .....     Harm     .     y - +0 pair of boots
Stlth  ++........               (no amulet)
                                w - ring of wizardry
                                l - ring of protection from cold

@: no status effects
A: negative energy resistance 1, electricity resistance, unbreathing,
petrification resistance, rot immunity, AC +8
a: Renounce Religion


You were on level 11 of the Dungeon.
You worshipped Vehumet.
Vehumet was greatly pleased with you.
You were very hungry.

You visited 3 branches of the dungeon, and saw 14 of its levels.

You collected 642 gold pieces.

Inventory:

Hand Weapons
 a - a +7 whip of freezing (weapon)
Missiles
 b - 206 stones (quivered)
Armour
 c - a +0 robe (worn)
 n - a +0 pair of gloves (worn)
 y - a +0 pair of boots (worn)
 A - a +2 helmet (worn)
 L - a +0 cloak (worn)
Jewellery
 l - a ring of protection from cold (left hand)
 w - a ring of wizardry (right hand)
Wands
 f - a wand of confusion (14/48)
 o - a wand of digging (10/24)
 r - a wand of lightning (9/15)
 s - a wand of digging (10/24)
 t - a wand of lightning (3/15)
 F - a wand of flame (28/48)
 G - a wand of lightning (3/15)
 K - a wand of iceblast (5/15)
 R - a wand of random effects (9/48)
 U - a wand of teleportation (0/9)
 V - a wand of iceblast (4/15)
 X - a wand of random effects (40/48)
Scrolls
 j - a scroll of enchant armour {unknown}
 k - 2 scrolls of fog {unknown}
 p - a scroll of holy word {unknown}
 v - 3 scrolls of remove curse
 x - a scroll of enchant weapon
 H - a scroll of torment {unknown}
 I - a scroll of identify
 J - a scroll of immolation {unknown}
 M - 4 scrolls of magic mapping {unknown}
 Q - 2 scrolls of teleportation
 S - 3 scrolls of random uselessness {unknown}
Potions
 g - 2 potions of resistance
 h - a potion of heal wounds
 i - 2 potions of cancellation
 m - a potion of magic
 q - 2 potions of invisibility {unknown}
 u - 4 potions of agility {unknown}
 B - 6 potions of curing
 C - 2 potions of brilliance {unknown}
 E - a potion of might {unknown}
 N - a potion of mutation {unknown}
 O - a potion of lignification {unknown}
 W - a potion of flight
Books
 e - a book of Geomancy

   Spells                             Type                      Level
   a - Sandblast                      Earth                        1
   b - Passwall                       Transmutation/Earth          2
   c - Stone Arrow                    Conjuration/Earth            3
   d - Petrify                        Transmutation/Earth          4
   e - Lee's Rapid Deconstruction     Earth                        5
 P - a book of Flames

   Spells                             Type                      Level
   a - Flame Tongue                   Conjuration/Fire             1
   b - Throw Flame                    Conjuration/Fire             2
   c - Conjure Flame                  Conjuration/Fire             3
   d - Inner Flame                    Hexes/Fire                   3
   e - Sticky Flame                   Conjuration/Fire             4
   f - Fireball                       Conjuration/Fire             5
Miscellaneous
 T - a phial of floods
Comestibles
 d - 7 bread rations
 z - a slice of pizza
 D - 3 beef jerkies


   Skills:
 * Level 9.5 Fighting
 * Level 7.7 Dodging
 - Level 2.1 Stealth
 - Level 11.0 Spellcasting
 - Level 4.0 Conjurations
   Level 0.7 Transmutations
 - Level 4.0 Fire Magic
 + Level 11.8 Earth Magic


You had 16 spell levels left.
You knew the following spells:

 Your Spells              Type           Power        Failure   Level  Hunger
a - Sandblast             Erth           ######       1%          1    None
b - Stone Arrow           Conj/Erth      #####.       1%          3    None
c - Inner Flame           Hex/Fire       ###.....     1%          3    None
d - Fireball              Conj/Fire      ####......   4%          5    ####...
e - Lee's Rapid Deconstr  Erth           ######....   1%          5    ####...


Dungeon Overview and Level Annotations

Branches:
Dungeon (12/15)            Temple (1/1) D:7            Lair (1/6) D:9
    Orc: D:9-12

Altars:
Ashenzari
Cheibriados
Dithmenos
Elyvilon
Fedhas
Gozag
Hepliaklqana
Kikubaaqudgha
Makhleb
Nemelex Xobeh
Okawaru
Qazlal
Ru
Sif Muna
Trog
Uskayaw
Vehumet
Xom
Yredelemnul
Zin
The Shining One

Shops:
D:5 }   D:8 :[   D:10 !

Annotations:
D:2 1 runed door
Lair:1 amaril's ghost, journeyman MfHu


Innate Abilities, Weirdness & Mutations

You are resistant to torment.
Your stone body is resilient. (AC +8)
You are immune to poison.
You resist negative energy. (rN+)
You are resistant to electric shocks. (rElec)
You can survive without breathing.
You are immune to petrification.
You are immune to rotting.


Message History

The slime creature is moderately wounded.
The slime creature misses you. The slime creature hits you!
* * * LOW HITPOINT WARNING * * *
Two slime creatures merge to form a large slime creature.
Casting: Stone Arrow
Confirm with . or Enter, or press ? or * to list all spells.
Aiming: Stone Arrow
Press: ? - help, Shift-Dir - straight line, f/p - large slime creature
Aim: a large slime creature (heavily wounded)
The stone arrow hits the large slime creature.
The large slime creature is severely wounded.
Casting: Stone Arrow
Confirm with . or Enter, or press ? or * to list all spells.
Aiming: Stone Arrow
Press: ? - help, Shift-Dir - straight line, f/p - large slime creature
Aim: a large slime creature (severely wounded)
The stone arrow hits the large slime creature.
The large slime creature is almost dead.
The large slime creature hits you!!
You die...

#.#.#.## ##..###...##.##.....
#.#.##.## ##...................
#.#.##..###..........#..##.#..#
#.#.##.#....#.....#.#.#.##.#..#
#.#.##.##.#.#?.####..###.#.#...
#......##......# #.#.#.##.#.##
###............# #.##.###.#.#
#..####....#.# #.##.# #.#.#
#..# #....J@# #.##.# #.#.# #..#
###.#### #.##.# #.#.# #..# #.#
#####.##.###...# #.)# ##.#
#.....##.##...## #..# ##..#
#.######.#.###.##
#..####...###.######..## ##.#
#..(.................## ##.
##.####...###........# #. #.#
##.## #........## ##.


You could see a large slime creature.

Vanquished Creatures
  A hydra (D:9)
  Erica (D:9)
  Sonja (D:11)
  Pikel (D:5)
  2 hill giants (D:11)
  2 ugly things (D:11)
  A manticore (D:11)
  A black mamba (Lair:1)
  3 spiny frogs
  2 komodo dragons (D:9)
  Grinder (D:6)
  Prince Ribbit (D:9)
  8 hippogriffs
  A spriggan (D:7)
  3 wyverns
  19 yaks
  Eustachio (D:5)
  A steam dragon (D:9)
  4 water moccasins
  2 black bears (D:10)
  3 ice beasts
  Duvessa (D:5)
  5 orc warriors
  3 phantoms
  A sky beast (D:9)
  A slave (D:5)
  A necrophage (D:7)
  10 ogres
  5 crocodiles
  6 centaurs
  A big kobold (D:9)
  8 bullfrogs
  6 scorpions
  Dowan (D:5)
  5 wights (D:8)
  3 killer bees (D:8)
  A howler monkey (D:8)
  8 crimson imps
  2 centaur zombies
  2 hounds
  A jelly (D:6)
  3 centaur skeletons
  6 orc priests
  4 iguanas
  8 orc wizards
  9 worker ants
  A worker ant zombie (D:8)
  20 adders
  A howler monkey skeleton (D:6)
  A shadow imp (D:7)
  2 oozes
  4 worms
  2 dart slugs (D:1)
  10 leopard geckos
  41 orcs
  2 ball pythons
  10 bats
  5 giant cockroaches
  7 goblins
  7 hobgoblins
  7 jackals
  3 quokkas
  7 frilled lizards
  11 kobolds
  2 leopard gecko skeletons
  6 rats
309 creatures vanquished.

Notes
Turn   | Place    | Note
-------+----------+-------------------------------------------
     0 | D:1      | stebl the Gargoyle Earth Elementalist began the quest for the Orb.
     0 | D:1      | Reached XP level 1. HP: 10/10 MP: 3/3
   193 | D:1      | Reached XP level 2. HP: 15/15 MP: 0/5
   748 | D:2      | Reached XP level 3. HP: 19/19 MP: 3/6
   885 | D:2      | Learned a level 3 spell: Stone Arrow
  1033 | D:2      | Reached XP level 4. HP: 24/24 MP: 5/8
  1036 | D:2      | Reached skill level 5 in Earth Magic
  1167 | D:2      | Found a runed door.
  1764 | D:2      | Reached XP level 5. HP: 28/28 MP: 7/10
  1822 | D:2      | Reached skill level 1 in Fighting
  2081 | D:3      | Reached skill level 1 in Conjurations
  2555 | D:3      | Reached XP level 6. HP: 3/35 MP: 5/12
  3447 | D:4      | Reached skill level 5 in Spellcasting
  3457 | D:4      | Learned a level 5 spell: Lee's Rapid Deconstruction
  3600 | D:4      | Reached XP level 7. HP: 40/40 MP: 9/14
  4554 | D:5      | Entered Level 5 of the Dungeon
  4687 | D:5      | Noticed Eustachio
  4708 | D:5      | Noticed Pikel
  4732 | D:5      | Noticed Dowan
  4733 | D:5      | Noticed Duvessa
  4740 | D:5      | Killed Dowan
  4757 | D:5      | Killed Duvessa
  4757 | D:5      | Reached XP level 8. HP: 30/46 MP: 1/16
  5066 | D:5      | Found Kuese's Gadget Shop.
  5255 | D:5      | Killed Eustachio
  5398 | D:6      | Noticed Grinder
  5497 | D:5      | Killed Pikel
  5625 | D:5      | Reached XP level 9. HP: 52/52 MP: 12/19
  5859 | D:6      | Killed Grinder
  5925 | D:6      | Reached skill level 10 in Earth Magic
  6412 | D:6      | Reached skill level 5 in Fighting
  7390 | D:7      | Found a staircase to the Ecumenical Temple.
  7400 | Temple   | Entered the Ecumenical Temple
  7417 | Temple   | Became a worshipper of Vehumet
  7787 | D:7      | Reached XP level 10. HP: 57/60 MP: 3/22
  8380 | D:7      | Learned a level 3 spell: Inner Flame
  8386 | D:7      | Learned a level 5 spell: Fireball
  8536 | D:8      | Reached * piety under Vehumet
  8536 | D:8      | Offered knowledge of Sting by Vehumet.
  8575 | D:8      | Found Lekoulom's Armour Shop.
  8821 | D:8      | Found Ydiul's Book Boutique.
  8929 | D:8      | Reached skill level 1 in Fire Magic
 10448 | D:9      | Offered knowledge of Magic Dart by Vehumet.
 10448 | D:9      | Reached ** piety under Vehumet
 10483 | D:9      | Noticed Erica
 10722 | D:9      | Noticed a five-headed hydra
 10729 | D:9      | Killed a five-headed hydra
 10729 | D:9      | Reached skill level 10 in Spellcasting
 10729 | D:9      | Reached XP level 11. HP: 52/67 MP: 12/25
 10921 | D:9      | Killed Erica
 11377 | D:9      | Offered knowledge of Searing Ray by Vehumet.
 11515 | D:9      | Noticed Prince Ribbit
 11516 | D:9      | Killed Prince Ribbit
 11534 | D:9      | HP: 3/67 [crocodile (12)]
 12397 | D:9      | Found a staircase to the Lair.
 12400 | D:9      | Reached *** piety under Vehumet
 12511 | Lair:1   | Entered Level 1 of the Lair of Beasts
 12778 | Lair:1   | Reached skill level 5 in Dodging
 12951 | D:9      | Offered knowledge of Dazzling Spray by Vehumet.
 13368 | D:9      | Reached XP level 12. HP: 38/75 MP: 7/27
 13870 | Lair:1   | Noticed amaril's ghost (journeyman MfHu)
 14179 | D:10     | Entered Level 10 of the Dungeon
 14206 | D:10     | Found a shadowy altar of Dithmenos.
 14611 | D:10     | Reached **** piety under Vehumet
 14624 | D:10     | Found Lopanute's Distillery.
 15256 | D:11     | Noticed Sonja
 15259 | D:11     | Killed Sonja
 15685 | D:11     | Offered knowledge of Lightning Bolt by Vehumet.
 16171 | D:11     | Mangled by a large slime creature

Vault maps used:
D:1:      onia_arrival_mini_maze, hangedman_abyss_or_decor_lesser_grid
D:2:      first_bread, uniq_crazy_yiuf_cottage
D:5:      serial_shops, nicolae_shop_statue_plus, corexii_checkpoint_a,
          uniq_pikel, uniq_duvessa, uniq_eustachio
D:6:      kennysheep_generic_room_15, uniq_grinder
D:7:      the_bakery
D:8:      serial_shops, nicolae_shop_crystal, nicolae_shop_waterfront
D:9:      erik_lair_dragon, uniq_erica, uniq_prince_ribbit1
D:10:     basic_altar, serial_shops, nicolae_shop_competitors_out_of_business
D:11:     wad_rectangle_vault, uniq_sonja
D:12:     orc_0_dummy
Temple:   nicolae_temple_the_god_donut

Skill      XL: |  1  2  3  4  5  6  7  8  9 10 11 12 |
---------------+-------------------------------------+-----
Earth Magic    | 4 5 6 9 11 | 11.8
Spellcasting   | 3 4 5 6 8 10 11 | 11.0
Fighting       | 2 3 4 5 7 8 9 |  9.5
Conjurations   | 1 2 3 4 |  4.0
Dodging        | 2 4 6 7 |  7.7
Fire Magic     | 2 3 4 |  4.0
Stealth        | |  2.1
Transmutations | |  0.7

Action                   |  1- 3 |  4- 6 |  7- 9 | 10-12 || total
-------------------------+-------+-------+-------+-------++-------
Melee: Whip              |       |    12 |   112 |   189 ||   313
Throw: Stone             |       |     2 |       |       ||     2
 Cast: Sandblast         |    47 |   130 |   123 |    37 ||   337
       Stone Arrow       |       |     2 |    54 |   256 ||   312
       Lee's Rapid Decon |       |       |     7 |    36 ||    43
       Fireball          |       |       |       |     1 ||     1
Evoke: Wand              |       |       |    15 |     3 ||    18
  Use: Scroll            |       |       |     9 |    11 ||    20
  Eat: Chunk             |     1 |     8 |    12 |    21 ||    42
       Bread ration      |       |       |     1 |       ||     1
       Meat ration       |       |       |       |     2 ||     2
       Fruit             |       |       |       |     1 ||     1
Armor: Robe              |     9 |    24 |    99 |   155 ||   287
Dodge: Dodged            |    11 |    33 |   153 |   210 ||   407
